 Dungeon Crawl Stone Soup version 0.25-a0-523-g9afb2ee040 (webtiles) character file.

Game seed: 11432952015563615560, levelgen mode: deterministic

2257 Flugslaktarn the Shield-Bearer (level 9, -4/81 HPs)
             Began as a Deep Dwarf Fighter on Feb 18, 2020.
             Was an Elder of Makhleb.
             Slain by a manticore (8 damage)
             ... on level 7 of the Dungeon.
             The game lasted 00:02:49 (2593 turns).

Flugslaktarn the Shield-Bearer (Deep Dwarf Fighter) Turns: 2593, Time: 00:02:49

Health: -4/81      AC:  2    Str: 28    XL:     9   Next: 15%
Magic:  19/20 (11) EV:  8    Int:  9    God:    Makhleb [****..]
Gold:   25         SH: 11    Dex: 12    Spells: 8/8 levels left

rFire    . . .     SeeInvis .   j - +3 hand axe (flame)
rCold    . . .     Gourm    .   c - +0 kite shield
rNeg     + + .     Faith    .   b - +0 scale mail
rPois    .         Spirit   .   (no helmet)
rElec    .         Reflect  .   s - +0 cloak
rCorr    +         Harm     .   (no gloves)
MR       .....                  p - +0 pair of boots of Refuge {rN++ MR- rCorr MP+9}
Stlth    ..........             (no amulet)
HPRegen  0.00/turn              (no ring)
MPRegen  0.17/turn              (no ring)

@: mighty, corroded, non-regenerating
A: damage resistance, heal wounds, sense surroundings 2, no regeneration
a: Heal Wounds, Minor Destruction, Lesser Servant of Makhleb, Major Destruction,
Renounce Religion


You were on level 7 of the Dungeon.
You worshipped Makhleb.
Makhleb was greatly pleased with you.
You were hungry.

You visited 1 branch of the dungeon, and saw 7 of its levels.
You also visited: Ossuary.

You collected 298 gold pieces.
You spent 273 gold pieces at shops.

Inventory:

Hand Weapons
 a - a +0 war axe
 j - a +3 hand axe of flaming (weapon)
   (You took it off an orc on level 3 of the Dungeon)
Armour
 b - a +0 scale mail (worn)
 c - a +0 kite shield (worn)
 p - the +0 pair of boots of Refuge (worn) {rN++ MR- rCorr MP+9}
   (You bought it in a shop on level 6 of the Dungeon)

   It greatly protects you from negative energy.
   It affects your resistance to hostile enchantments.
   It affects your magic capacity (+9).
   It provides partial protection from all sources of acid and corrosion.
   If you remove this armour, your AC will decrease by 1 (2 -> 1).
 s - a +0 cloak (worn)
   (You took it off Crazy Yiuf on level 6 of the Dungeon)
Jewellery
 i - a cursed ring of teleportation {unknown}
   (You found it on level 1 of the Dungeon)
 o - an uncursed amulet of magic regeneration {unknown}
   (You found it on level 4 of the Dungeon)
Wands
 v - a wand of enslavement (5)
   (You found it on level 7 of the Dungeon)
Scrolls
 f - a scroll of holy word {unknown}
 g - a scroll of enchant armour {unknown}
 n - a scroll of enchant weapon
 u - a scroll of amnesia {unknown}
 w - 5 scrolls of remove curse
 x - a scroll of magic mapping
Potions
 h - a potion of flight
 k - 2 potions of heal wounds
 l - a potion of cancellation
 m - 3 potions of invisibility
 q - 2 potions of lignification {unknown}
 t - 2 potions of curing {unknown}
Comestibles
 e - 4 rations
 r - 6 chunks of flesh


   Skills:
 + Level 5.6 Fighting
 + Level 6.3 Axes
 + Level 6.8 Armour
 + Level 6.9 Shields
 + Level 6.9 Invocations


You had 8 spell levels left.
You didn't know any spells.
Your spell library was empty.

Dungeon Overview and Level Annotations

Branches:
Dungeon (7/15)             Temple (0/1) D:4         Ossuary (visited)

Altars:
Elyvilon
Makhleb
Ru
Trog
Wu Jian

Shops:
D:5 :?=?   D:6 [


Innate Abilities, Weirdness & Mutations

You are resistant to damage.
You can heal yourself by infusing magical energy.
You passively map the area around you.
You do not regenerate.


Message History

The manticore is lightly wounded.
The manticore bites you. The manticore claws you! The manticore claws you.
You are too injured to fight recklessly!
You are too injured to fight recklessly!
You are too injured to fight recklessly!
You are too injured to fight recklessly!
You are too injured to fight recklessly!
You are too injured to fight recklessly!
You are too injured to fight recklessly!
You are too injured to fight recklessly!
You are too injured to fight recklessly!
You are too injured to fight recklessly!
You are too injured to fight recklessly!
You are too injured to fight recklessly!
You slash the manticore! You burn the manticore.
The manticore is heavily wounded.
The manticore bites you!!
* * * LOW HITPOINT WARNING * * *
The manticore claws you!
You die...

# * , ** * * # . #. * ,
*.#* ##.* #.# * * * , #.#
#.. #.# ,, , * #.#* #.#
##.## ##*# # ** * #.# ..#
##...## ...#$# , * #.#
*#.###.....## .#..# [ * **
#.# #.##...#...##uH.,... ,
* #.#
##.#...###..@#.#..... ,,
..###..'.÷## ##..H....⌠..
+
.......#...###...#.#(....
*
###....##...#...##.$.,...,
#....###.....## .#..# )
#....# ##...## ...#.# , *
, ##...# ##.## ## # #* *
#....# #.# * , , ,* *
#.##.# #.# * + , * ,


You could see a manticore.

Vanquished Creatures
  An ugly thing (D:7)
  A slime creature (D:7)
  A yak (D:7)
  An ice beast (D:6)
  A sky beast (D:5)
  A centaur (D:5)
  An elf zombie (Ossuary)
  3 bullfrogs
  A scorpion (D:4)
  A howler monkey (D:5)
  3 crimson imps
  5 centaur zombies
  2 hounds
  Crazy Yiuf (D:6)
  3 orc priests
  2 iguanas
  2 orc wizards (D:5)
  Natasha (D:3)
  4 worker ants
  2 big kobold zombies (Ossuary)
  3 hound skeletons
  2 mummies (Ossuary)
  A worker ant zombie (D:6)
  4 adders
  A shadow imp (D:5)
  An adder skeleton (D:4)
  2 adder zombies (Ossuary)
  2 worms
  4 leopard geckos
  19 orcs
  2 bats
  4 giant cockroaches
  3 goblins
  A hobgoblin (D:3)
  5 jackals
  4 kobolds
  4 quokkas
  2 frilled lizards
  A goblin zombie (D:5)
  7 hobgoblin zombies (Ossuary)
  9 kobold zombies (Ossuary)
  A leopard gecko zombie (D:6)
  10 orc zombies (Ossuary)
  A quokka skeleton (D:4)
  A quokka zombie (D:5)
  A rat (D:1)
  2 rat zombies (Ossuary)
134 creatures vanquished.

Notes
Turn   | Place    | Note
-------+----------+-------------------------------------------
     0 | D:1      | Flugslaktarn the Deep Dwarf Fighter began the quest for the
                  | Orb.
     0 | D:1      | Reached XP level 1. HP: 20/20 MP: 1/1
    91 | D:1      | Reached XP level 2. HP: 27/27 MP: 2/2
   227 | D:3      | Found a burning altar of Makhleb.
   227 | D:3      | Noticed a crimson imp
   252 | D:3      | Became a worshipper of Makhleb the Destroyer
   273 | D:3      | Killed a crimson imp
   273 | D:3      | Reached skill level 1 in Invocations
   273 | D:3      | Reached XP level 3. HP: 30/34 MP: 3/3
   393 | D:3      | Noticed Natasha
   404 | D:3      | Killed Natasha
   404 | D:3      | Reached XP level 4. HP: 36/42 MP: 5/5
   523 | D:3      | Reached * piety under Makhleb
   659 | D:4      | Reached XP level 5. HP: 29/49 MP: 6/6
   697 | D:4      | Found a staircase to the Ecumenical Temple.
   802 | D:4      | Reached XP level 6. HP: 43/56 MP: 7/7
   937 | D:4      | Found a bloodstained altar of Trog.
  1182 | D:4      | Found a white marble altar of Elyvilon.
  1213 | D:4      | Found a sacrificial altar of Ru.
  1219 | D:5      | Entered Level 5 of the Dungeon
  1222 | D:5      | Noticed a sky beast
  1260 | D:5      | Killed a sky beast
  1288 | D:5      | Reached skill level 5 in Shields
  1288 | D:5      | Reached XP level 7. HP: 34/64 MP: 6/8
  1375 | D:5      | Found a sand-covered staircase.
  1382 | Ossuary  | Entered an ossuary
  1396 | Ossuary  | Reached ** piety under Makhleb
  1456 | Ossuary  | Reached skill level 5 in Armour
  1550 | Ossuary  | Reached *** piety under Makhleb
  1713 | D:5      | Reached skill level 5 in Invocations
  1739 | D:5      | Found Begiory's Jewellery Shoppe.
  1771 | D:5      | Found Xaidgheff's Book Emporium.
  1795 | D:5      | Found Ompush's Magic Scroll Boutique.
  1803 | D:5      | Reached XP level 8. HP: 56/73 MP: 8/8
  1808 | D:5      | Reached skill level 5 in Axes
  1817 | D:5      | Bought a scroll of magic mapping for 35 gold pieces
  1817 | D:5      | Bought a scroll of identify for 20 gold pieces
  1988 | D:5      | Found Mifro Kilo's Magic Scroll Emporium.
  2017 | D:6      | Found an ornate altar of the Wu Jian Council.
  2071 | D:6      | Found a runed translucent door.
  2072 | D:6      | Noticed Crazy Yiuf
  2206 | D:6      | Reached skill level 5 in Fighting
  2214 | D:6      | Found Fekium's Antique Armour Shop.
  2222 | D:6      | Bought a pair of translucent boots for 218 gold pieces
  2227 | D:6      | Identified the +0 pair of boots of Refuge {rN++ MR- rCorr
                  | MP+9} (You bought it in a shop on level 6 of the Dungeon)
  2444 | D:6      | Killed Crazy Yiuf
  2555 | D:7      | Noticed a slime creature
  2555 | D:7      | Noticed a brown ugly thing
  2556 | D:7      | Noticed a manticore
  2558 | D:7      | Reached **** piety under Makhleb
  2573 | D:7      | Killed a slime creature
  2588 | D:7      | Killed a brown ugly thing
  2588 | D:7      | Gained mutation: You passively map the area around you.
                  | [Deep Dwarf growth]
  2588 | D:7      | Reached XP level 9. HP: 64/81 MP: 11/11
  2593 | D:7      | HP: 4/81 [manticore (22)]
  2593 | D:7      | Slain by a manticore

Levels and vault maps discovered:
D:1:      eino_arrival_water_cross, layout_basic, hangedman_decor_growths
D:2:      layout_basic, minmay_mini_jars, uniq_robin
D:3:      layout_basic, grunt_temple_overflow_magic_moments,
          makhleb_grotto_becter, serial_glass, glass_columns_a, glass_columns_a,
          uniq_natasha
D:4:      layout_rooms, kennysheep_mini, lemuel_doored_altar,
          lemuel_coloured_pillars_altar, minmay_temple_entry_tees, first_ration,
          serial_forest, infiniplex_forest_lined_room_2,
          infiniplex_forest_clump_tiny, infiniplex_forest_clump_small,
          infiniplex_forest_clump_double, kennysheep_potato
D:5:      layout_rooms, enter_ossuary_4, serial_shops, shop, shop,
          nicolae_shop_competitors_out_of_business, shop_scrolls
D:6:      layout_cave_pools, lemuel_crystal_altar, serial_shops, shop,
          uniq_crazy_yiuf_cottage
D:7:      minmay_the_grid_plus_closed [minmay_the_grid_large_cup,
          minmay_the_grid_doors, minmay_the_grid_zigzag_pyramid,
          minmay_the_grid_outer_diamond, minmay_the_grid_prize_big_room],
          layout_loops_ring, grunt_gozag_breadcrumbs,
          hangedman_abyss_or_decor_stagger, nrook_uturn

Skill      XL: |  1  2  3  4  5  6  7  8 |
---------------+-------------------------+-----
Fighting       | 3 4 5 |  5.6
Invocations    | 1 2 3 4 5 6 |  6.9
Axes           | 3 4 6 |  6.3
Armour         | 4 5 6 |  6.8
Shields        | 4 5 6 |  6.9

Action                   |  1- 3 |  4- 6 |  7- 9 || total
-------------------------+-------+-------+-------++-------
Melee: War axe           |    84 |       |       ||    84
       Hand axe          |     8 |   152 |   253 ||   413
 Abil: Heal Wounds       |     1 |     4 |     3 ||     8
  Use: Scroll            |       |       |    11 ||    11
       Potion            |       |       |     1 ||     1
  Eat: Chunk             |       |     1 |     5 ||     6
Armor: Scale mail        |    48 |    64 |    71 ||   183
Dodge: Dodged            |    33 |    45 |    79 ||   157
Block: Kite shield       |    43 |    53 |   142 ||   238

Table legend:
 A = Non-vault XP
 B = Vault XP
 C = Vault XP percentage of total XP
 D = Non-vault monster count
 E = Vault monster count
 F = Vault count percentage of total count
                 A         B        C        D         E       F
            +---------+---------+-------+---------+---------+-------
      Total |    1604 |    1621 |  50.3 |      83 |      51 |  38.1
            +---------+---------+-------+---------+---------+-------
        D:1 |      14 |       0 |   0.0 |       8 |       0 |   0.0
        D:2 |       1 |       0 |   0.0 |       1 |       0 |   0.0
        D:3 |      97 |      83 |  46.1 |      20 |       2 |   9.1
        D:4 |     261 |      36 |  12.1 |      19 |       1 |   5.0
        D:5 |     743 |       2 |   0.3 |      23 |       2 |   8.0
        D:6 |     380 |      41 |   9.7 |       9 |       1 |  10.0
        D:7 |     108 |    1058 |  90.7 |       3 |       6 |  66.7
    Ossuary |       0 |     401 | 100.0 |       0 |      39 | 100.0
            +---------+---------+-------+---------+---------+-------
